 Dungeon Crawl Stone Soup version 0.27-b1-23-g44b8eac545 (webtiles) character file.

Game seed: 667769848157789577

63 pikapanic the Insei (level 4, -3/32 HPs)
             Began as a Djinni Transmuter on July 27, 2021.
             Slain by a goblin (5 damage)
             ... led by Robin
             ... on level 2 of the Dungeon.
             The game lasted 00:06:43 (2617 turns).

pikapanic the Insei (Djinni Transmuter)             Turns: 2617, Time: 00:06:44

Health: -3/32      AC:  5    Str:  9    XL:     4   Next: 30%
Gold:   38         EV: 10    Int: 15    God:
                   SH:  0    Dex: 14

rFire    + + .     SeeInvis .     - Unarmed
rCold    x . .     Faith    .   (no shield)
rNeg     . . .     Spirit   .   c - +0 ring mail
rPois    ∞         Reflect  .   (helmet currently unavailable)
rElec    .         Harm     .   (no cloak)
rCorr    .         Rampage  .   (no gloves)
Will     .....                  (boots unavailable)
Stlth    +.........             (no amulet)
HPRegen  0.10/turn              (no ring)
MPRegen  0.00/turn              (no ring)

@: appendages, flying
A: horns 2, flying, sickness immunity, fire resistance 2, cold vulnerability 1,
float, innate caster, hp casting, extra vitality 1
a: End Transformation


You were on level 2 of the Dungeon.
You had temporarily grown beastly horns.
You visited 1 branch of the dungeon, and saw 2 of its levels.

You collected 38 gold pieces.

Inventory:

Armour
 a - a +0 robe
 b - a +0 chain mail
 c - a +0 ring mail (worn)
Wands
 f - a wand of acid (6)
Potions
 e - a potion of curing {unknown}


   Skills:
 + Level 1.0 Fighting
 + Level 0.7 Armour
 + Level 2.5 Dodging
 + Level 0.2 Stealth
 + Level 4.0 Unarmed Combat
 + Level 2.1 Spellcasting


You couldn't memorise any spells.
You knew the following spells:

 Your Spells              Type           Power      Damage    Failure   Level
a - Beastly Appendage     Tmut           14%        N/A       26%         1
b - Wereblood             Tmut           7%         N/A       36%         2
c - Spider Form           Tmut/Pois      3%         N/A       61%         3
d - Ice Form              Ice/Tmut       7%         N/A       95%         4
e - Magic Dart            Conj           28%        1d4       26%         1
Your spell library was empty.

Dungeon Overview and Level Annotations

Branches:
Dungeon (2/15)

Altars:

Annotations:
D:2 Robin


Innate Abilities, Weirdness & Mutations

You have temporarily grown beastly horns.
You are flying.
You are immune to sickness and miasma.
You are immune to poison.
Your flesh is very heat resistant. (rF++)
You are vulnerable to cold. (rC-)
You float through the air rather than walking.
You learn spells naturally, not from books.
Your magical power is your life essence.
You have superior vitality. (+4 HP)


Message History

Robin hits you with a +0 dagger. The goblin closely misses you.
You completely miss Robin. Your headbutt misses Robin.
Robin is moderately wounded.
Robin roars a battlecry!
The goblin goes into a battle-frenzy!
The goblin hits you with a +0 dagger.
You closely miss Robin.
Robin is moderately wounded.
Robin hits you with a +0 dagger.
You hit Robin.
Robin is heavily wounded.
The goblin hits you with a +0 dagger. Robin hits you with a +0 dagger.
You hit Robin but do no damage.
Robin is heavily wounded.
The goblin hits you with a +0 dagger.
You hit Robin.
Robin is severely wounded.
Your horns disappear.
Robin hits you but does no damage. The goblin hits you with a +0 dagger.
* * * LOW HITPOINT WARNING * * *
You barely miss Robin.
Robin is severely wounded.
Robin hits you with a +0 dagger.
* * * LOW HITPOINT WARNING * * *
The goblin barely misses you.
You closely miss Robin.
Robin is severely wounded.
Robin says, "Feeling lonely?"
Robin hits you with a +0 dagger.
* * * LOW HITPOINT WARNING * * *
The goblin hits you but does no damage.
Casting: Beastly Appendage (safe; 26% risk of failure)
Press: ? - help, Q - select action, (/) - cycle Dir - look around, f - activate You grow a pair of large bovine horns.
* * * LOW HITPOINT WARNING * * *
Robin closely misses you. The goblin hits you but does no damage.
You hit Robin.
Robin is severely wounded.
Robin closely misses you. The goblin hits you with a +0 dagger.
You die...

####
############..######
#........g@g.......#
##.#########..####.#
#.# #..# #.# #..#
#.# #g.# ##.# #..#
#.<# #.g# #### #..g


You could see Robin and a goblin (strong).

Vanquished Creatures
  2 adders
  6 ball pythons
  6 endoplasms
  2 giant cockroaches
  10 goblins
  3 hobgoblins
  2 kobolds
  2 quokkas (D:1)
  4 bats (D:1)
  A rat (D:2)
38 creatures vanquished.

Notes
Turn   | Place    | Note
-------+----------+-------------------------------------------
     0 | D:1      | pikapanic the Djinni Transmuter began the quest for the
                  | Orb.
     0 | D:1      | Reached XP level 1. HP: 17/17 MP: 0/0
   124 | D:1      | Reached XP level 2. HP: 2/22 MP: 0/0
   449 | D:1      | HP: 1/22 [bat (1)]
  1543 | D:2      | Reached XP level 3. HP: 21/27 MP: 0/0
  1543 | D:2      | Learned a level 1 spell: Magic Dart
  2539 | D:1      | Reached XP level 4. HP: 28/32 MP: 0/0
  2586 | D:2      | Reached skill level 4 in Unarmed Combat
  2597 | D:2      | Noticed Robin
  2617 | D:2      | Slain by a goblin

Illustrated notes

Levels and vault maps discovered:
D:1:      dpeg_arrival_arbitrary_a, layout_rooms, minmay_misc_feat_enclosed,
          chequers_serial_rivers_marsh
D:2:      layout_basic, shapermc_ecumenical_altar_acropolis,
          minmay_small_reverse_x, uniq_natasha, uniq_robin

Skill      XL: |  1  2  3  4 |
---------------+-------------+-----
Spellcasting   | 2 |  2.1
Unarmed Combat | 4 |  4.0
Fighting       | |  1.0
Armour         | |  0.7
Dodging        | |  2.5
Stealth        | |  0.2

Action                   |  1- 3 |  4- 6 || total
-------------------------+-------+-------++-------
Melee: Unarmed           |   121 |    23 ||   144
       Headbutt          |    11 |     2 ||    13
       Punch             |     2 |     1 ||     3
 Cast: Beastly Appendage |    13 |     3 ||    16
       Magic Dart        |     8 |     1 ||     9
  Use: Scroll            |     1 |       ||     1
Armor: Robe              |    16 |       ||    16
       Ring mail         |    33 |     8 ||    41
Dodge: Dodged            |    78 |     8 ||    86
